AoeStats
← PomPom

Arabia

516192525Analyzed
1v1 RM · 5d ago on Oct 25, 2026· 35m 7s· 2 players
Game mode
Random Map
Map size
Tiny (2 player)
Population
200
Speed
Normal
Resources
Standard
Victory
Conquest
Starting age
Dark Age
Ending age
Imperial Age
RankedLock teamsTeams togetherTeam positionsShared explorationLock speedFull tech treeHidden civsTurbo modeCheats
Victory
Defeat
🇨🇳 Vikings · China
1812
+14
vs
🇻🇳 Malay · Vietnam
1763
-14
PomPom
6:19 Loom
9:45 Feudal Age
10:59 Double-Bit Axe
18:03 Horse Collar
23:04 Castle Age
21:14 Fletching
22:03 Crossbowman
22:39 Bodkin Arrow
23:27 Padded Archer Armor
23:32 Town Watch
23:44 Gold Mining
26:03 Wheelbarrow
28:06 Ballistics
28:27 Husbandry
28:33 Scale Barding Armor
29:19 Bow Saw
32:58 Gold Shaft Mining
aegisasl
6:51 Loom
9:15 Feudal Age
9:43 Double-Bit Axe
20:19 Castle Age
18:46 Fletching
19:26 Gold Mining
19:20 Horse Collar
19:46 Gold Mining
20:56 Padded Archer Armor
21:07 Bodkin Arrow
20:42 Crossbowman
22:27 Bow Saw
24:01 Ballistics
24:28 Padded Archer Armor
33:46 Imperial Age
31:58 Stone Mining
34:35 Bracer
35:38 Chemistry
34:13 Arbalester
35:49 Gold Shaft Mining
Connection lost

Rejoining the realm…

Still unreachable

The connection could not be restored.

Session expired

The server has moved on; the page needs a fresh start.